 Dungeon Crawl Stone Soup version 0.29-a0-490-g77b3608bb8 (webtiles) character file.

Game seed: 16316809852564815402

1 croobank the Covert (level 1, 0/23 HPs)
             Began as a Gnoll Delver on May 27, 2022.
             Slain by a giant cockroach (2 damage)
             ... in the Ecumenical Temple.
             The game lasted 00:02:50 (584 turns).

croobank the Covert (Gnoll Delver)                   Turns: 584, Time: 00:02:50

Health: 0/23       AC: -1    Str: 11    XL:     1   Next: 20%
Magic:  1/1        EV: 13    Int:  9    God:
Gold:   15         SH:  0    Dex: 13    Spells: 0/0 levels left

rFire   . . .      SeeInvis .   a - +0 hand axe
rCold   . . .      Faith    .   (no shield)
rNeg    . . .      Spirit   .   b - +0 leather armour
rPois   .          Reflect  .   (no helmet)
rElec   .          Harm     .   (no cloak)
rCorr   .          Rampage  .   (no gloves)
Will    .....                   (no boots)
Stlth   ++++......              (no amulet)
HPRegen 0.07/turn               (no ring)
MPRegen 0.07/turn               (no ring)

@: weak-willed, corroded
A: fangs 1, strong nose, distributed training
a: no special abilities


You were in the Ecumenical Temple.
You visited 2 branches of the dungeon, and saw 3 of its levels.

You collected 15 gold pieces.

Inventory:

Hand Weapons
 a - a +0 hand axe (weapon)
Armour
 b - a +0 leather armour (worn)
Wands
 g - a wand of digging (2)


   Skills:
 + Level 6.4 Fighting
 + Level 0.0 Short Blades
 + Level 0.0 Long Blades
 + Level 4.4 Axes
 + Level 0.0 Maces & Flails
 + Level 0.0 Polearms
 + Level 0.0 Staves
 + Level 0.0 Slings
 + Level 0.0 Bows
 + Level 0.0 Crossbows
 + Level 0.0 Throwing
 + Level 0.0 Armour
 + Level 4.4 Dodging
 + Level 9.5 Stealth
 + Level 0.0 Shields
 + Level 0.0 Unarmed Combat
 + Level 0.0 Spellcasting
 + Level 0.0 Conjurations
 + Level 0.0 Hexes
 + Level 0.0 Summonings
 + Level 0.0 Necromancy
 + Level 0.0 Translocations
 + Level 0.0 Transmutations
 + Level 0.0 Fire Magic
 + Level 0.0 Ice Magic
 + Level 0.0 Air Magic
 + Level 0.0 Earth Magic
 + Level 0.0 Poison Magic
 + Level 0.0 Invocations
 + Level 0.0 Evocations


You couldn't memorise any spells.
You didn't know any spells.
Your spell library was empty.

Dungeon Overview and Level Annotations

Branches:
Dungeon (5/15)             Temple (1/1) D:4

Altars:
Ashenzari
Cheibriados
Dithmenos
Elyvilon
Kikubaaqudgha
Makhleb
Nemelex Xobeh
Okawaru
Sif Muna
Vehumet
Wu Jian
Zin

Annotations:
D:5 Blork the orc


Innate Abilities, Weirdness & Mutations

You have very sharp teeth.
Your uncanny sense of smell can sniff out nearby items.
Your experience applies equally to all skills.


Message History

Moving in this stuff is going to be slow.
Found an ornate altar of the Wu Jian Council.
Found a sparkling altar of Nemelex Xobeh.
Found a white marble altar of Elyvilon.
Found a shimmering blue altar of Sif Muna.
You enter the shallow water.
Moving in this stuff is going to be slow.
You enter the shallow water.
Moving in this stuff is going to be slow.
You enter the shallow water.
Moving in this stuff is going to be slow.
You enter the shallow water.
Moving in this stuff is going to be slow.
There is a staircase back to the Dungeon here.
You enter the shallow water.
Moving in this stuff is going to be slow.
Done exploring.
Search for what [? for help]?
Gozag Can't find anything matching that.
(D) Dungeon (T) Temple
Where to? (? - help)
There is a staircase back to the Dungeon here.
You climb upwards.
The giant cockroach barely misses you. The jelly barely misses you.
The giant cockroach bites you but does no damage.
The jelly hits you. The acid corrodes you!
You are splashed with acid!
There is a staircase to the Ecumenical Temple, spattered with blood here.
The giant cockroach bites you. The jelly closely misses you.
You climb downwards.
Welcome back to the Ecumenical Temple!
There is a staircase back to the Dungeon here.
Okay, then.
You closely miss the giant cockroach. You hit the jelly.
Your hands burn!
The giant cockroach closely misses you. The jelly hits you.
You are splashed with acid!
* * * LOW HITPOINT WARNING * * *
You aren't carrying any potions.
As you read the scroll labelled OMEKLUSEHU, it crumbles to dust.
Magic quickly surges around you.
It was a scroll of vulnerability.
The giant cockroach bites you.
You die...

....._.....≈≈≈.....≈≈≈....._.....
....................≈≈≈..........
≈≈≈≈≈≈≈≈≈≈≈≈≈≈≈......≈≈≈...≈≈≈≈≈≈
≈≈≈.._..≈≈≈≈≈≈≈≈≈.....≈≈≈...≈≈._.
.............≈≈≈≈≈....≈≈≈≈...≈..≈
≈................≈....≈≈≈......≈≈
≈......≈≈≈≈≈≈........≈≈≈......≈≈≈
....≈≈≈≈≈≈.........≈≈≈......≈≈≈≈.
..≈≈≈≈≈≈.......B@J.......≈≈≈≈≈≈..
.≈≈≈≈......≈≈≈.........≈≈≈≈≈≈....
≈≈≈......≈≈≈........≈≈≈≈≈≈......≈
≈≈......≈≈≈....≈................≈
≈..≈...≈≈≈≈....≈≈≈≈≈.............
...≈≈...≈≈≈.....≈≈≈≈≈≈≈≈≈.....≈≈≈
≈≈≈≈≈≈...≈≈≈......≈≈≈≈≈≈≈≈≈≈≈≈≈≈≈
..........≈≈≈....................
....._.....≈≈≈.._..≈≈≈....._.....


You could see a jelly (weak-willed) and a giant cockroach (weak-willed).

Vanquished Creatures
  A hobgoblin (Temple)
1 creature vanquished.

Notes
Turn   | Place    | Note
-------+----------+-------------------------------------------
     0 | D:5      | Reached skill level 9 in Stealth
     0 | D:5      | croobank the Gnoll Delver began the quest for the Orb.
     0 | D:5      | Reached XP level 1. HP: 23/23 MP: 1/1
    33 | D:5      | Noticed an ogre
    55 | D:5      | Noticed a hound
    63 | D:5      | Noticed an ice beast
    80 | D:5      | Noticed Blork the orc
   111 | D:4      | Noticed a jelly
   111 | D:4      | Noticed a howler monkey
   187 | D:4      | Found a staircase to the Ecumenical Temple.
   200 | Temple   | Entered the Ecumenical Temple
   584 | Temple   | Slain by a giant cockroach

Illustrated notes

Levels and vault maps discovered:
D:4:      layout_cave_pools, mainiacjoe_overflow_brackets,
          minmay_temple_entry_grid, corner_web_ring, uniq_sigmund
D:5:      layout_basic, nicolae_overflow_squiral, minivault_25,
          uniq_blork_the_orc, uniq_duvessa
Temple:   hc_temple_tempest_star

Skill      XL: | |
---------------+-+-----
Stealth        | |  9.5
Fighting       | |  6.4
Axes           | |  4.4
Dodging        | |  4.4

Action                   || total
-------------------------++-------
Melee: Hand axe          ||     6
       Bite              ||     1
Evoke: Wand              ||     1
  Use: Scroll            ||     4
       Potion            ||     1
Armor: Leather armour    ||     8
Dodge: Dodged            ||    38

Table legend: (Time is in decaauts)
 A = Elapsed time spent in this place.
 B = Non-inter-level travel time spent in this place.
 C = Inter-level travel time spent in this place.
 D = Time resting spent in this place.
 E = Time spent auto-exploring this place.
 F = Levels seen in this place.
 G = Mean time per level.
                   A        B        C        D        E       F      G
               +--------+--------+--------+--------+--------+-----+--------+
         Total |    588 |    556 |     32 |    101 |    282 |   3 |  196.0 |
       Dungeon |    182 |    182 |      0 |      0 |     32 |   2 |   91.0 |
        Temple |    405 |    373 |     32 |    101 |    250 |   1 |  405.0 |
               +--------+--------+--------+--------+--------+-----+--------+

Top non-repeatable levels by time:
  Temple: 405 daAuts
     D:5: 101 daAuts
     D:4: 81 daAuts
